 Dungeon Crawl Stone Soup version 0.32-a0-705-g60f233581c (webtiles) character file.

Game seed: 2113292746542533117

24848 cforsyth the Cleaver (level 12, -3/165 HPs)
             Began as a Mountain Dwarf Cinder Acolyte on Mar 14, 2024.
             Was a High Priest of Ignis.
             Collided with a stone wall (9 damage)
             ... after being knocked back by a salamander mystic
             ... in a volcano.
             The game lasted 00:48:40 (22546 turns).

cforsyth the Cleaver (MDCA)                        Turns: 22546, Time: 00:48:41

Health: -3/165     AC: 28    Str: 23    XL:     12   Next: 84%
Magic:  18/21      EV:  3    Int: 20    God:    Ignis [*****.]
Gold:   828        SH:  8    Dex:  5    Spells: 21/23 levels left

rFire   + + +        X - +0 war axe (venom)
rCold   + + .        M - +0 kite shield
rNeg    . . .        y - +2 gold dragon scales
rPois   +            W - +2 helmet
rElec   .            t - scarf {rC+ rF+}
rCorr   +            z - +2 pair of gloves "Boekebb" {rF+}
SInv    .            p - +0 pair of boots
Will    +....        d - amulet of regeneration Stlth
                     R - ring of resist corrosion
HPRegen 1.27/turn    S - +6 ring of strength
MPRegen 0.17/turn

%: no passive effects
@: berserking, hasted, very quick
A: runic magic, artefact enchanting
a: Renounce Religion, Fiery Armour, Foxfire Swarm, Rising Flame


You were in a volcano.
You worshipped Ignis.
Ignis was extremely pleased with you.
You visited 2 branches of the dungeon, and saw 14 of its levels.
You also visited: Bailey and Volcano.

You collected 828 gold pieces.


Innate Abilities, Weirdness & Mutations

Your spellcasting is much less encumbered by armour.
You can use scrolls of enchantment on lesser artefacts.


   Skills:
 + Level 11.3 Fighting
 + Level 12.2 Axes
 + Level 10.8 Armour
 + Level 7.5 Shields
 - Level 6.3 Spellcasting
 + Level 12.1 Fire Magic


You had 21 spell levels left.
You knew the following spells:

 Your Spells              Type           Power      Damage    Failure   Level
X - Scorch                Fire           100%       2d9       1%          2

Your spell library contained the following spells:

 Spells                   Type           Power      Damage    Failure   Level
 Ignite Poison            Fire/Alch      30%        N/A       38%         4
 Call Canine Familiar     Summ           6%         N/A       85%         3
 Frozen Ramparts          Ice            12%        1d2       85%         3
 Ozocubu's Armour         Ice            6%         N/A       85%         3
 Sigil of Binding         Hex            6%         N/A       85%         3
 Dimensional Bullseye     Hex/Tloc       3%         N/A       99%         4
 Fulminant Prism          Conj/Alch      3%         3d5       99%         4
 Leda's Liquefaction      Alch/Erth      3%         N/A       99%         4
 Olgreb's Toxic Radiance  Alch           6%         N/A       99%         4
 Metabolic Englaciation   Hex/Ice        3%         N/A       100%        5

Inventory:

Hand Weapons
 a - a -1 hand axe of flaming
 X - a +0 war axe of venom (weapon)
Missiles
 L - 3 throwing nets {=f}
Armour
 p - a +0 pair of boots (worn)
 t - a scarf of resistance (worn)
 y - +2 gold dragon scales (worn)
 z - the +2 pair of gloves "Boekebb" (worn) {rF+}
   (You found it in a bailey)

   rF+:       It protects you from fire.
 B - a +4 scale mail of cold resistance
 I - a +4 scale mail of cold resistance
 M - a +0 kite shield (worn)
 W - a +2 helmet (worn)
Magical Staves
 A - a staff of death {!a}
 C - a staff of air {!a}
Jewellery
 d - an amulet of regeneration (around neck)
 f - a ring of protection from fire
 m - an amulet of the acrobat
 q - an amulet of reflection
 D - a +6 ring of dexterity
 F - a ring of protection from fire
 R - a ring of resist corrosion (left hand)
 S - a +6 ring of strength (right hand)
 Z - a ring of wizardry
Wands
 b - a wand of charming (4)
 l - a wand of flame (40)
 u - a wand of polymorph (20)
 V - a wand of roots (8)
Scrolls
 c - a scroll of enchant armour {unknown}
 g - 2 scrolls of noise
 h - 3 scrolls of poison {unknown}
 i - 4 scrolls of teleportation {@r2}
 j - a scroll of revelation
 k - 2 scrolls of fog {unknown}
 o - 3 scrolls of brand weapon
 s - a scroll of amnesia {unknown}
 v - 2 scrolls of enchant weapon {unknown}
 N - a scroll of fear {unknown}
 O - a scroll of vulnerability {unknown}
 Y - a scroll of immolation {unknown}
Potions
 e - a potion of haste {@q3}
 n - 4 potions of curing {@q1}
 r - 2 potions of enlightenment
 w - 2 potions of might
 x - a potion of resistance {unknown}
 E - a potion of berserk rage {!q}
 G - 2 potions of magic
 H - 2 potions of brilliance {unknown}
 K - a potion of ambrosia {unknown}
 P - a potion of cancellation
 Q - a potion of attraction {unknown}
 U - a potion of lignification {unknown}

Dungeon Overview and Level Annotations

Branches:
Dungeon (12/15)            Temple (0/1) D:6            Lair (2/5) D:11
    Orc (0/2) D:10         Bailey (visited)         Volcano (1/1)
  Swamp: Lair:2-3    Shoals: Lair:2-3     Snake: Lair:2-3    Spider: Lair:2-3

Altars:
Cheibriados
Dithmenos
Gozag
Hepliaklqana
Kikubaaqudgha
Nemelex Xobeh
Okawaru
Qazlal
Uskayaw
Vehumet
Zin
Beogh

Shops:
D:10 [

Annotations:
D:2 1 runed translucent door, Crazy Yiuf, Terence
D:4 2 transporters, BeKind's ghost, novice OpIE
D:9 2 runed translucent doors, Gryn's ghost, journeyman KoDe
D:10 1 runed translucent door

▒..▒▒.'..▒
#.# ~~~
▒..▒▒▒▒..▒
#.# ~#
▒..▒▒▒▒..▒
..# 9
▒..▒▒.'..▒
#.#
▒..▒▒▒▒..▒
. ▒..▒
▒p.▒
▒..▒▒▒▒N.▒
▒....)...▒
▒....@...▒
▒~~▒▒▒▒▒▒▒
▒~~▒ ▒▒▒▒


You could see a hell knight (fast, corroded) and a salamander mystic (very
poisoned, corroded).


Message History

Unknown command.
You feel much better. You block the hell knight's attack.
The salamander mystic hits you but does no damage.
You feel yourself speed up. You block the hell knight's attack.
The salamander mystic gestures at you while chanting.
The bolt of magma hits you! You partially resist.
* * * LOW HITPOINT WARNING * * *
You feel as though your hastened speed will last longer.
Unknown command.
Unknown command.
Unknown command.
A red film seems to cover your vision as you go berserk!
You feel yourself moving faster!
You feel mighty!
The hell knight hits you from afar with a +4 heavy halberd!
* * * LOW HITPOINT WARNING * * *
The salamander mystic hits you with a +0 scimitar.
* * * LOW HITPOINT WARNING * * *
You are engulfed in flames.
You resist.
* * * LOW HITPOINT WARNING * * *
You barely miss the salamander mystic.
The salamander mystic is severely wounded.
The hell knight hits you from afar with a +4 heavy halberd!
* * * LOW HITPOINT WARNING * * *
The salamander mystic gestures at you while chanting.
The lance of force hits you!
* * * LOW HITPOINT WARNING * * *
You are knocked back by the lance of force.
You slam into the stone wall!
You die...
Ignis goes out, and joins you in death.

Skill      XL: |  1  2  3  4  5  6  7  8  9 10 11 12 |
---------------+-------------------------------------+-----
Armour         | 1 2 3 4 5 7 8 9 10 | 10.8
Axes           | 4 5 6 7 8 9 11 12 | 12.2
Fire Magic     | 4 5 6 7 8 9 11 12 | 12.1
Fighting       | 4 5 6 7 9 10 11 | 11.3
Spellcasting   | 2 3 4 5 6 |  6.3
Shields        | 2 5 7 |  7.5

Action                     |  1- 3 |  4- 6 |  7- 9 | 10-12 || total
---------------------------+-------+-------+-------+-------++-------
  Melee: Hand axe          |    52 |    67 |    85 |   462 ||   666
         War axe           |       |       |       |   147 ||   147
   Cast: Scorch            |    24 |    80 |   196 |   447 ||   747
  Evoke: Wand              |       |       |     2 |    14 ||    16
    Use: Scroll            |       |     4 |       |    11 ||    15
         Potion            |       |       |       |     9 ||     9
 Armour: Robe              |    61 |    18 |       |       ||    79
         Ring mail         |       |    54 |    42 |       ||    96
         Skin              |       |       |    24 |       ||    24
         Scale mail        |       |       |   120 |   316 ||   436
         Gold dragon scale |       |       |       |   628 ||   628
  Dodge: Dodged            |    45 |    36 |    59 |   187 ||   327
  Block: Kite shield       |       |       |       |   264 ||   264

Levels and vault maps discovered:
D:1:      elethiomel_arrival_shortcut, layout_rooms
D:2:      layout_basic, basic_altar, uniq_terence, uniq_jessica, uniq_robin,
          uniq_crazy_yiuf_cottage
D:3:      layout_loops_corners, kennysheep_slug_shrine
D:4:      layout_loops_ring, nemelex_xobeh_ov_fountains_minmay,
          gammafunk_ghost_stat_death, uniq_ijyb
D:5:      layout_rooms, nicolae_gozag_seed_capital, minivault_24
D:6:      minmay_flawed_box, layout_basic, mainiacjoe_overflow_boulevard,
          jmf_multi_god_temple2, vehumet_crystals, temple_hall,
          minmay_misc_feat_tiny, uniq_menkaure
D:7:      minmay_spotlight, layout_gridville, gammafunk_temple_overflow_statue,
          uniq_maggie, uniq_duvessa
D:8:      layout_loops_ring, uniq_gastronok
D:9:      layout_roguey, serial_corexii_hall, corexii_hall_statues_l,
          chequers_hall_statues_y, ebering_ghost_disaster_area, uniq_maurice,
          uniq_harold
D:10:     layout_cross, david_orc_5, enter_bailey_3, serial_shops,
          nicolae_shop_pleasant_corner_grove, minmay_st_funbox, uniq_josephine
D:11:     layout_roguey [special_room_orc], grunt_lair_entry_orc_guard_hut
D:12:     hangedman_cross_stitches, layout_basic, nicolae_uskayaw_dance_hall
Lair:1:   layout_layer_cave, infiniplex_staircase_pool_2
Lair:2:   layout_concentric_octagons, enter_volcano_3, grunt_megastairs_3,
          lemuel_fruit_fields
Volcano:  hellmonk_zot_springs

Notes
Turn   | Place    | Note
-------+----------+-------------------------------------------
     0 | D:1      | cforsyth the Mountain Dwarf Cinder Acolyte began the quest
                  | for the Orb.
     0 | D:1      | Reached XP level 1. HP: 19/19 MP: 2/2
   140 | D:1      | Reached XP level 2. HP: 14/26 MP: 3/3
   145 | D:1      | Learned a level 2 spell: Scorch
   677 | D:2      | Noticed Terence
   754 | D:2      | Reached skill level 1 in Armour
  1014 | D:2      | Reached skill level 4 in Axes
  1034 | D:2      | Reached XP level 3. HP: 31/31 MP: 0/5
  1148 | D:2      | Reached skill level 4 in Fire Magic
  1210 | D:2      | Found a shadowy altar of Dithmenos.
  1446 | D:2      | Noticed Jessica
  1460 | D:2      | Noticed Robin
  1498 | D:2      | Killed Jessica
  1596 | D:2      | Reached XP level 4. HP: 20/40 MP: 2/6
  1719 | D:1      | Killed Robin
  2042 | D:2      | Found a runed translucent door.
  2043 | D:2      | Noticed Crazy Yiuf
  2481 | D:3      | Reached skill level 4 in Fighting
  3082 | D:3      | Found a snail-covered altar of Cheibriados.
  3273 | D:3      | Reached skill level 2 in Armour
  3511 | D:4      | Found a transporter.
  3515 | D:4      | Noticed BeKind's ghost (novice OpIE)
  3529 | D:4      | Noticed Ijyb
  3530 | D:4      | Reached XP level 5. HP: 46/46 MP: 2/7
  3798 | D:4      | Killed Ijyb
  3799 | D:4      | Reached skill level 2 in Spellcasting
  4078 | D:4      | Identified a scarf of resistance
  4110 | D:4      | Found a sparkling altar of Nemelex Xobeh.
  4413 | D:4      | Found a transporter.
  4773 | D:5      | Entered Level 5 of the Dungeon
  4773 | D:5      | Noticed a black bear
  4780 | D:4      | Reached XP level 6. HP: 53/53 MP: 2/9
  4934 | D:5      | Found an opulent altar of Gozag.
  5212 | D:5      | Noticed a water moccasin
  5218 | D:5      | Killed a water moccasin
  5219 | D:5      | Reached skill level 5 in Axes
  5219 | D:5      | Reached skill level 3 in Armour
  5219 | D:5      | Reached skill level 5 in Fire Magic
  5384 | D:5      | Noticed an ice beast
  5429 | D:5      | Killed an ice beast
  5646 | D:5      | Reached skill level 5 in Fighting
  5646 | D:5      | Reached XP level 7. HP: 61/61 MP: 2/11
  5754 | D:5      | Reached skill level 3 in Spellcasting
  6409 | D:6      | Found a stormy altar of Qazlal.
  6531 | D:6      | Reached skill level 4 in Armour
  6899 | D:6      | Reached skill level 6 in Fire Magic
  7012 | D:6      | Reached skill level 6 in Axes
  7147 | D:6      | Reached XP level 8. HP: 70/70 MP: 6/13
  7153 | D:6      | Noticed Menkaure
  7161 | D:6      | Killed Menkaure
  7291 | D:6      | Found a radiant altar of Vehumet.
  7543 | D:6      | Found a staircase to the Ecumenical Temple.
  7588 | D:6      | Found an iron altar of Okawaru.
  7591 | D:6      | Found a hazy altar of Hepliaklqana.
  7664 | D:7      | Noticed a hornet
  7666 | D:7      | Noticed Dowan
  7670 | D:6      | Killed a hornet
  7671 | D:6      | Reached skill level 6 in Fighting
  7725 | D:7      | Noticed Duvessa
  7812 | D:7      | Killed Duvessa
  7813 | D:7      | Reached skill level 5 in Armour
  7813 | D:7      | Reached skill level 4 in Spellcasting
  7825 | D:7      | Killed Dowan
  8044 | D:7      | Noticed Maggie
  8163 | D:7      | Killed Maggie
  8164 | D:7      | Reached skill level 7 in Axes
  8164 | D:7      | Reached skill level 7 in Fire Magic
  8313 | D:6      | Reached XP level 9. HP: 78/78 MP: 6/15
  8873 | D:7      | Reached skill level 7 in Fighting
  8911 | D:7      | Reached skill level 6 in Armour
  9075 | D:7      | Found an ancient bone altar of Kikubaaqudgha.
  9075 | D:7      | Found a glowing silver altar of Zin.
  9759 | D:8      | Noticed Gastronok
 10026 | D:8      | Reached skill level 8 in Fire Magic
 10147 | D:8      | Reached skill level 5 in Spellcasting
 10152 | D:8      | Reached skill level 8 in Axes
 10977 | D:9      | Noticed Harold
 11004 | D:9      | Killed Harold
 11005 | D:9      | Reached skill level 7 in Armour
 11005 | D:9      | Reached XP level 10. HP: 43/88 MP: 1/18
 11574 | D:8      | Killed Gastronok
 11575 | D:8      | Reached skill level 8 in Fighting
 11827 | D:9      | Reached skill level 9 in Axes
 11827 | D:9      | Reached skill level 9 in Fire Magic
 12572 | D:8      | Reached skill level 1 in Shields
 12572 | D:8      | Reached skill level 6 in Spellcasting
 12775 | D:9      | Noticed Maurice
 13495 | D:9      | Found a large runed translucent door.
 13495 | D:9      | Found a large runed translucent door.
 13497 | D:9      | Noticed Gryn's ghost (journeyman KoDe)
 13822 | D:9      | Killed Maurice
 13823 | D:9      | Reached skill level 8 in Armour
 13823 | D:9      | Reached skill level 2 in Shields
 14134 | D:10     | Entered Level 10 of the Dungeon
 14134 | D:10     | Noticed Josephine
 14255 | D:10     | Found Vickeher's Armour Shop.
 14302 | D:10     | Reached skill level 9 in Fighting
 14357 | D:10     | Found a flagged portal.
 14373 | Bailey   | Entered a bailey
 14595 | Bailey   | Reached XP level 11. HP: 95/97 MP: 20/20
 14762 | Bailey   | Reached skill level 3 in Shields
 14935 | Bailey   | Got the Handbook of Litharge
 14950 | Bailey   | Identified the +2 pair of gloves "Boekebb" {rF+}
 15093 | D:10     | Found a runed translucent door.
 15177 | D:10     | Killed Josephine
 15178 | D:10     | Reached skill level 10 in Axes
 15178 | D:10     | Reached skill level 10 in Fire Magic
 15178 | D:10     | HP: 3/95 [orc priest/divine providence (9)]
 15980 | D:9      | Reached skill level 4 in Shields
 16448 | D:10     | Found a roughly hewn altar of Beogh.
 16448 | D:10     | Found a staircase to the Orcish Mines.
 16757 | D:10     | Reached skill level 9 in Armour
 17739 | D:11     | Noticed a two-headed ogre
 17755 | D:10     | Killed a two-headed ogre
 17756 | D:10     | Reached skill level 10 in Fighting
 17756 | D:10     | Reached skill level 5 in Shields
 17920 | D:11     | Found a roughly hewn altar of Beogh.
 18398 | D:11     | Reached skill level 11 in Axes
 18398 | D:11     | Reached skill level 11 in Fire Magic
 18461 | D:11     | Found a staircase to the Lair.
 18508 | D:10     | Reached XP level 12. HP: 61/106 MP: 16/21
 19291 | D:12     | Found a hide-covered altar of Uskayaw.
 19478 | D:12     | Reached skill level 6 in Shields
 19574 | D:12     | Noticed a boulder beetle
 19723 | Lair:1   | Entered Level 1 of the Lair of Beasts
 19901 | D:11     | Reached skill level 10 in Armour
 20761 | Lair:1   | Noticed a six-headed hydra
 20767 | Lair:1   | Killed a six-headed hydra
 21214 | Lair:1   | Reached skill level 11 in Fighting
 21214 | Lair:1   | Reached skill level 7 in Shields
 21779 | Lair:2   | Found a dark tunnel.
 21795 | Volcano  | Entered a volcano
 21989 | Volcano  | Reached skill level 12 in Axes
 22088 | Volcano  | Reached skill level 12 in Fire Magic
 22541 | Volcano  | HP: 5/110 [hell knight/+4 heavy halberd (10)]
 22546 | Volcano  | HP: 6/165 [salamander mystic/lance of force (16)]
 22546 | Volcano  | Collided with a stone wall

Vanquished Creatures
  Gastronok (D:8)
  Josephine (D:10)
  A hydra (Lair:1)
  Harold (D:9)
  A two-headed ogre (D:10)
  Maurice (D:9)
  An ugly thing (D:11)
  4 salamanders (Volcano)
  2 cyclopes
  4 gargoyles
  An elephant (D:10)
  Maggie (D:7)
  4 cane toads (Lair:1)
  5 komodo dragons
  An unseen horror (D:11)
  3 trolls
  A hornet (D:6)
  3 blink frogs (Lair:1)
  4 vampires
  5 wraiths
  A wyvern (Lair:1)
  32 yaks
  A basilisk (Lair:1)
  3 steam dragons
  Menkaure (D:6)
  2 water moccasins
  Duvessa (D:7)
  2 hell hounds (Lair:2)
  10 orc warriors
  A sky beast (D:7)
  2 black bears
  2 ice beasts
  3 ogres
  3 centaurs (D:11)
  A kobold brigand (D:10)
  5 bullfrogs
  A gnoll sergeant (D:9)
  2 scorpions
  10 wights
  Dowan (D:7)
  7 killer bees
  8 vampire bats (Bailey)
  A howler monkey (D:6)
  7 wolf zombies (Bailey)
  4 hounds
  11 orc priests
  A gnoll bouda (D:8)
  An iguana (D:6)
  Jessica (D:2)
  3 sleepcaps
  Ijyb (D:4)
  19 orc wizards
  Robin (D:1)
  13 gnolls
  5 adders
  A shadow imp (D:8)
  A white imp (D:7)
  2 ufetubi (D:7)
  5 dart slugs
  2 ribbon worms
  59 orcs
  6 endoplasms
  3 giant cockroaches (D:3)
  18 goblins
  6 hobgoblins
  5 jackals
  3 quokkas
  5 ball pythons
  4 bats
  4 frilled lizards (D:1)
  19 kobolds
  17 orc zombies (Bailey)
  4 rats
376 creatures vanquished.

Vanquished Creatures (collateral kills)
  An orc priest (D:7)
  An orc (D:7)
2 creatures vanquished.

Grand Total: 378 creatures vanquished

Table legend: (Time is in decaauts)
 A = Elapsed time spent in this place.
 B = Non-inter-level travel time spent in this place.
 C = Inter-level travel time spent in this place.
 D = Time resting spent in this place.
 E = Time spent auto-exploring this place.
 F = Levels seen in this place.
 G = Mean time per level.
                   A        B        C        D        E       F      G
               +--------+--------+--------+--------+--------+-----+--------+
         Total |  22644 |  22163 |    481 |   5875 |  11217 |  16 | 1415.2 |
       Dungeon |  19340 |  18885 |    455 |   5174 |   9619 |  12 | 1611.7 |
          Lair |   1858 |   1832 |     26 |     32 |   1435 |   2 |  929.0 |
        Bailey |    696 |    696 |      0 |    203 |    153 |   1 |  696.0 |
       Volcano |    750 |    750 |      0 |    466 |      9 |   1 |  750.0 |
               +--------+--------+--------+--------+--------+-----+--------+

Top non-repeatable levels by time:
     D:9: 2524 daAuts
     D:7: 2227 daAuts
     D:8: 2224 daAuts
    D:11: 2134 daAuts
    D:10: 2060 daAuts
     D:6: 1845 daAuts
  Lair:1: 1778 daAuts
     D:2: 1562 daAuts
     D:3: 1398 daAuts
     D:4: 1243 daAuts
     D:5: 1121 daAuts
 Volcano: 750 daAuts
     D:1: 745 daAuts
  Bailey: 696 daAuts
    D:12: 252 daAuts

Table legend:
 A = Non-vault XP
 B = Vault XP
 C = Vault XP percentage of total XP
 D = Non-vault monster count
 E = Vault monster count
 F = Vault count percentage of total count
                 A         B        C        D         E       F
            +---------+---------+-------+---------+---------+-------
      Total |   21090 |   14408 |  40.6 |     244 |     134 |  35.4
            +---------+---------+-------+---------+---------+-------
        D:1 |      26 |      17 |  39.5 |      17 |       2 |  10.5
        D:2 |      30 |      55 |  64.7 |      17 |      11 |  39.3
        D:3 |      55 |       4 |   6.8 |      17 |       1 |   5.6
        D:4 |     166 |      36 |  17.8 |      19 |       1 |   5.0
        D:5 |     588 |      37 |   5.9 |      12 |       1 |   7.7
        D:6 |     641 |     458 |  41.7 |      13 |       9 |  40.9
        D:7 |     954 |     602 |  38.7 |      18 |       5 |  21.7
        D:8 |    1754 |    1565 |  47.2 |      24 |       1 |   4.0
        D:9 |    3025 |    1578 |  34.3 |      33 |       3 |   8.3
       D:10 |    2510 |    3174 |  55.8 |      24 |      31 |  56.4
       D:11 |    4474 |    1110 |  19.9 |      26 |      25 |  49.0
       D:12 |     695 |       0 |   0.0 |       2 |       0 |   0.0
     Lair:1 |    6082 |       0 |   0.0 |      21 |       0 |   0.0
     Lair:2 |      90 |     290 |  76.3 |       1 |       2 |  66.7
     Bailey |       0 |    1558 | 100.0 |       0 |      34 | 100.0
    Volcano |       0 |    3924 | 100.0 |       0 |       8 | 100.0
            +---------+---------+-------+---------+---------+-------
